Unix NetHack Version 3.7.0-101 Work-in-progress - last build Mar 25 2024 11:18:41 (462964f8eaac915e699fc3a71b43428251fec12b,branch:master). Game began 2024-03-28 18:36:29, ended 2024-03-29 20:00:47. tromix, lawful male human Priest } } }} }} }} } } } } } }} } } } } }}}}} } }} }} } } } }}}}}}}}}}}}}}}}}}}}}}}}}}} }} }}}} }}}} }}}}}} } } }}}}}}}}}}}}}}}}}}}}}}} }} } }}}} }}}}}}}}} }}}}}}}}}}}}}}}}}}}}} } }}}}} }}}}}} 4..2.1. }}} }}}}}}}}}}}}}}}} } } } }}} }}} } }} 1131.3..... } }}}}} }}} }} } }} }}}} } }}}}}} } }}}} 4.D.&.HE.}} }}}} }} }} } }}}}}}}}}}}} }}}}} }}}} 3.1Z..@...U2}}} } } } } } }}}}}}}}}}}}} } } }}}} .1.ZOHW.2.}. } } } } } }}}}}}} } } }} }} 2...@gD...E.. }}} } }} }} }}}}} } } U.L&W}}..c.. }}}}}}} }}} }} }}} } } 4..D.}}44.... }}}}}}}} }} }}} }}}}} } } }} }} }} .}}}.}.4... } }}}}}}} }}} }}} }}}}}} }}}} }} 3}}4 34... }}}}}}}}} }}} } }}}}}}}}}}}} } } }} }}}}}}} } } } } }}}}}} }}}}} }}}}} }} 1 }}}}}} } } } } } } }}} }}}}}}}}} }}} } } } }}}} }} }} } } Tromix the Patriarch St:18/11 Dx:17 Co:17 In:9 Wi:18 Ch:9 Lawful Home 6 $:0 HP:0(157) Pw:345(403) AC:1 Xp:27/70002516 T:50516 Stressed Stun Latest messages: The succubus vanishes! The master lich misses! The air crackles around the master lich. The ogre queen swings her double-headed axe. The ogre queen hits! The storm giant swings his double-headed axe. The storm giant hits! The winged gargoyle misses! The winged gargoyle hits! The winged gargoyle bites! The Elvenqueen swings her curved sword at it. The Elvenqueen hits it. You hear some noises in the distance. A tower of flame erupts from the floor under the human zombie! The wraith misses! The invisible Nalzok vanishes and reappears next to you. The invisible Nalzok vanishes and reappears next to you. The invisible Nalzok hits! The invisible Nalzok hits again! The invisible Nalzok casts a spell at you! You reel... The invisible Nalzok hits! What do you want to use or apply? [ad-fmqxFK or ?*] f What do you want to drink? [u or ?*] ? You feel completely healed. The ogre queen swings her double-headed axe. The ogre queen hits! The storm giant swings his double-headed axe. The storm giant hits! The winged gargoyle hits! The winged gargoyle hits again! The winged gargoyle bites! The wraith touches you! The invisible Nalzok vanishes and reappears next to you. The invisible Nalzok hits! The invisible Nalzok hits again! The invisible Nalzok points all around, then curses. The invisible Nalzok hits! The ogre queen swings her double-headed axe. The ogre queen hits! The winged gargoyle hits! The winged gargoyle hits again! The winged gargoyle bites! You die... Do you want your possessions identified? [ynq] (y) y Do you want to see your attributes? [ynq] (y) y Do you want an account of creatures vanquished? [ynaq] (y) y Do you want a list of extinct species? [ynaq] (y) y Do you want to see your conduct and achievements? [ynq] (y) y Do you want to see the dungeon overview? [ynq] (y) y Inventory: Amulets R - an amulet of reflection (being worn) Weapons M - the blessed rustproof +5 Excalibur (weapon in right hand) Armor h - a cursed +0 helm of brilliance S - a very burnt +0 pair of gauntlets of dexterity P - a cursed burnt +0 pair of speed boots C - a blessed +1 small shield N - a blessed greased +3 cloak of protection B - a +5 gray dragon scale mail Wands K - a wand of cancellation (0:3) d - a cursed wand of cancellation (0:6) m - a wand of teleportation (0:2) Tools f - a bag of holding containing 100 items a - a blindfold F - a blessed magic lamp (lit) q - a +0 pick-axe (alternate weapon; not wielded) e - a skeleton key named poi\cld\fir\slp\shk x - a blessed +0 unicorn horn Gems/Stones v - a blessed luckstone Contents of the bag of holding: 9985 gold pieces an amulet versus poison the rustproof +0 Demonbane the rustproof +0 Ogresmasher a rusty corroded +3 pair of kicking boots a blessed fireproof +2 mummy wrapping a burnt +0 robe 7 K-rations a tripe ration a tin of human meat a lizard corpse 3 lizard corpses 2 scrolls of confuse monster a blessed scroll of create monster 2 scrolls of destroy armor a scroll of enchant armor 3 scrolls of enchant weapon a scroll of fire a scroll of food detection a scroll of gold detection a scroll of identify a scroll of magic mapping a blessed scroll of remove curse 3 scrolls of remove curse a blessed scroll of scare monster a scroll of scare monster a cursed scroll of scare monster a scroll of stinking cloud a scroll of taming a blessed scroll of teleportation 10 scrolls of teleportation a spellbook of detect food a blessed spellbook of drain life a spellbook of healing a spellbook of identify a spellbook of invisibility a spellbook of protection a spellbook of remove curse a blessed spellbook of slow monster a potion of blindness a potion of enlightenment 5 potions of extra healing a blessed potion of fruit juice a potion of fruit juice a potion of full healing a potion of gain ability 2 potions of gain energy 2 potions of hallucination a blessed potion of healing 6 potions of healing 2 cursed potions of healing a blessed potion of levitation a potion of levitation a cursed potion of levitation 2 potions of object detection 4 potions of paralysis 2 potions of polymorph 2 potions of see invisible a potion of sickness a blessed potion of sleeping 2 potions of speed 4 potions of holy water 2 potions of unholy water a blessed +1 ring of adornment a ring of conflict a ring of conflict a ring of free action a cursed -1 ring of protection a ring of see invisible a ring of shock resistance a ring of teleport control a ring of warning a wand of create monster (0:15) a wand of create monster (0:0) a wand of digging (0:6) a wand of digging (0:6) a wand of digging (0:4) a wand of digging (0:3) a wand of digging (0:3) a wand of digging (0:0) a wand of fire (0:0) a wand of fire (0:0) a wand of lightning (0:8) a wand of lightning (0:7) a wand of magic missile (0:7) a wand of sleep (0:2) a wand of slow monster (0:7) a wand of slow monster (0:3) a wand of striking (0:4) a wand of wishing (0:1) a tinning kit (0:57) an agate stone 3 amethyst stones 5 diamonds 4 emeralds a fluorite stone a garnet stone 3 rubies 3 worthless pieces of yellowish brown glass a flint stone Tromix the Priest's attributes: Background: You were a Patriarch, a level 27 human Priest. You were lawful, on a mission for Amaterasu Omikami who was opposed by Raijin (neutral) and Susanowo (chaotic). You were right-handed. You were in the Quest, on level 6. You entered the dungeon 50516 turns ago. You had 70002516 experience points, 9997484 more were needed for level 28. Basics: You had 0 out of 157 hit points. You had 345 out of 403 energy points (spell power). Your armor class was 1. Your wallet was empty, but you had 9985 zorkmids stashed away in your pack. Autopickup was off. Final Characteristics: Your strength was 18/11 (limit:18/100). Your dexterity was 17 (peak:18, limit:18). Your constitution was 17 (peak:18, limit:18). Your intelligence was 9 (limit:18). Your wisdom was 18 (limit:18). Your charisma was 9 (limit:18). Final Status: You were stunned. You weren't hungry. You were stressed; movement was moderately slowed. You were wielding a long sword. You had no skill with long sword. You weren't wearing any armor. Final Attributes: You were piously aligned. You were fire resistant. You were cold resistant. You were sleep resistant. You were shock resistant. You were poison resistant. You were level-drain resistant. You saw invisible. You were telepathic. You were warned. You had automatic searching. You were invisible to others. You had a moderate defense bonus (+9). You were warded. You were fast. You had reflection. You were extremely lucky. You had extra luck. Good luck did not time out for you. You are dead. Miscellaneous: You disabled loading of bones levels. Total elapsed playing time was 12 hours, 5 minutes and 47 seconds. Major events: Turn 1: tromix the lawful human Priest entered the dungeon 1149: attained the rank of Acolyte (level 3) 1817: entered the Gnomish Mines 2449: reached Mine Town 2651: made his first wish - "blessed greased +2 gray dragon scale mail", got "a blessed greased gray dragon scale mail" 2801: attained the rank of Adept (level 6) 4961: entered Sokoban 5414: completed 1st Sokoban level 5927: completed 2nd Sokoban level 6281: completed 3rd Sokoban level 9378: completed 4th Sokoban level 9560: acquired the Sokoban amulet of reflection 10382: attained the rank of Priest (level 10) 13035: entered the Bigroom 16642: acquired the Mines' End luckstone 21391: was bestowed with Demonbane by Amaterasu Omikami 27727: has been given Excalibur, and now enjoys supreme executive power 34313: killed Medusa 40073: was bestowed with Trollsbane by Amaterasu Omikami 45557: killed Croesus 46758: was bestowed with Ogresmasher by Amaterasu Omikami 46819: attained the rank of Curate (level 14) 48184: attained the rank of Canon (level 18) 48384: wished for "blessed greased +3 cloak of protection", got "a blessed greased ornamental cope" 48452: attained the rank of Lama (level 22) 49976: attained the rank of Patriarch (level 26) 50516: killed by a winged gargoyle Vanquished creatures: Medusa Croesus an iron golem a balrog a gray dragon a gold dragon 2 silver dragons a white dragon an orange dragon a black dragon a green dragon 2 minotaurs a baluchitherium a demilich 3 stone golems an Olog-hai a Nazgul 2 titanotheres 4 trappers a guardian naga 2 genetic engineers 11 vampire leaders a skeleton an aligned cleric 3 captains 6 liches 3 water trolls a clay golem 6 nurses 2 lurkers above 2 ettins 11 black puddings 18 vampires 5 lieutenants 97 ghosts 3 queen bees a winged gargoyle 3 mind flayers 6 giant mimics a long worm a zruty 2 ice trolls 4 umber hulks a flesh golem 3 doppelgangers a hezrou 4 large mimics 6 stalkers an air elemental 2 fire elementals 2 water elementals 4 hill giants 4 giant mummies a black naga 2 xorns 14 giant zombies 3 elf-nobles 17 sergeants 2 barbed devils 12 wargs 3 winter wolves 4 small mimics 3 glass piercers 3 warhorses 10 xans an ettin mummy 6 ogre leaders 6 quantum mechanics 15 trolls 3 wood golems a marilith 5 gelatinous cubes 2 pyrolisks 3 large dogs 4 freezing spheres 4 flaming spheres a shocking sphere 4 large cats 4 tigers 2 gargoyles a tengu 3 ochre jellies 5 leocrottas an energy vortex 6 mountain centaurs 2 stone giants 3 elf mummies a human mummy a python 2 cobras 127 wraiths 4 carnivorous apes 29 ettin zombies 2 leather golems 12 Grey-elves 80 soldiers 7 amorous demons 8 chameleons 4 crocodiles 8 giant beetles 2 quivering blobs 14 cockatrices 7 wolves 4 winter wolf cubs 2 lynxes 5 panthers 34 gremlins 3 spotted jellies 52 leprechauns 7 orc-captains 5 iron piercers 6 mumakil 27 giant spiders 5 scorpions 5 horses 7 black lights 4 vampire bats 3 forest centaurs 7 gnome rulers 4 orc mummies 4 dwarf mummies 3 ogres 6 brown puddings 4 rust monsters 6 owlbears 6 yetis 6 gold golems 2 werewolves 3 Green-elves a piranha 13 lizards 4 chickatrices 5 dingoes 4 dogs a housecat 3 jaguars 5 blue jellies 5 black unicorns 8 dust vortices 5 ravens 4 plains centaurs 3 gnome mummies 7 snakes 7 apes 156 human zombies 4 rope golems 10 Woodland-elves 39 soldier ants 10 fire ants 13 bugbears 4 imps 8 quasits 7 wood nymphs 4 water nymphs 5 mountain nymphs 21 Mordor orcs 37 Uruk-hai 6 orc shamans 11 rock piercers 11 rock moles 10 ponies 9 fog clouds 7 yellow lights 4 shriekers 5 violet fungi 28 gnome leaders 7 gnomish wizards 10 kobold mummies a golden naga hatchling 8 gray oozes 6 barrow wights 39 elf zombies 30 ghouls 5 straw golems 5 paper golems 15 giant ants 5 little dogs 19 floating eyes 3 kittens 7 dwarves 6 homunculi 3 kobold leaders 6 kobold shamans 28 hill orcs 26 rothes a rabid rat 3 centipedes 9 giant bats 4 monkeys 51 orc zombies 31 dwarf zombies 6 wererats 5 werejackals 23 iguanas 75 killer bees 6 acid blobs 3 coyotes a gas spore 24 manes a large kobold 15 hobgoblins 13 giant rats 8 cave spiders 2 brown molds 3 yellow molds 3 green molds 4 red molds 72 gnomes 26 garter snakes 30 gnome zombies 9 geckos 21 jackals 2 foxes a kobold 8 goblins 13 sewer rats 12 grid bugs 2 bats 19 lichens 42 kobold zombies 15 newts 2206 creatures vanquished. Extinct species: wraiths (extinct) soldiers (extinct) human zombies (extinct) 3 species extinct. Voluntary challenges: You read items or engraved 72 times. You never engraved Elbereth. You never genocided any monsters. You never polymorphed an object. You never changed form. You used 2 wishes. You did not wish for any artifacts. You did not violate any of the special Sokoban rules. Achievements: You attained the rank of Acolyte. You entered a shop. You entered the Gnomish Mines. You entered Minetown. You attained the rank of Adept. You entered a temple. You entered Sokoban. You completed Sokoban. You attained the rank of Priest. You entered the Big Room. You completed the Gnomish Mines. You defeated Medusa. You attained the rank of Curate. You attained the rank of Canon. You attained the rank of Lama. You attained the rank of Patriarch. The Dungeons of Doom: levels 1 to 26 Level 1: An altar to Amaterasu Omikami. Level 2: Level 3: A fountain, a grave. Level 4: A shop, a grave. Stairs down to The Gnomish Mines. Level 5: Some fountains. Oracle of Delphi. Level 6: Stairs up to Sokoban, level 5. Level 7: A fountain. Level 8: Level 9: A fountain. Level 10: Level 11: Some fountains, a sink. Level 12: A very big room. Summoned by the Arch Priest. Portal to The Quest. Level 13: A fountain. Level 14: "next: mind flayer" Level 15: A fountain. Level 16: A primitive area. Level 17: A fountain. Level 18: "tele to fort X" A temple and an altar. Portal to Fort Ludios. Level 19: "lich!" A fountain. Level 20: A fountain. Level 21: A temple and some altars, some fountains. Level 22: A temple and an altar. Level 23: A temple and an altar to Amaterasu Omikami, a fountain. Level 24: Level 25: Level 26: The castle. The Gnomish Mines: levels 5 to 12 Level 5: Level 6: Level 7: A temple and an altar, some fountains, some trees. Level 8: Level 9: Level 10: Level 11: Level 12: A fountain. The Quest: levels 1 to 6 Level 1: A temple and an altar, many trees. Given quest by the Arch Priest. Level 2: Many graves. Level 3: A temple and an altar, many graves. Level 4: Many graves. Level 5: Many graves. Level 6: <- You were here. Final resting place for you, killed by a winged gargoyle. Sokoban: levels 5 up to 2 Level 2: Solved. Level 3: Solved. Level 4: Solved. Level 5: Solved. Fort Ludios: Level 1: Fort Ludios. Game over: ---------- / \ / REST \ / IN \ / PEACE \ / \ | tromix | | 9985 Au | | killed by a | | winged gargoyle | | | | | | 2024 | *| * * * | * _________)/\\_//(\/(/\)/\//\/|_)_______ Goodbye tromix the Priest... You died in The Quest on dungeon level 6 with 636325 points, and 9985 pieces of gold, after 50516 moves. You were level 27 with a maximum of 157 hit points when you died.